 Dungeon Crawl Stone Soup version 0.31.0-4-g52a2dc7128 (webtiles) character file.

Game seed: 8188821783358677879

48115 Laraso the Earth Mage (level 14, 0/68 HPs)
             Began as a Deep Elf Earth Elementalist on Jan 21, 2024.
             Was a High Priest of Vehumet.
             Shot with an arrow by a centaur (6 damage)
             ... led by a centaur warrior
             ... on level 12 of the Dungeon.
             The game lasted 00:35:47 (19697 turns).

Laraso the Earth Mage (DEEE)                       Turns: 19697, Time: 00:35:47

Health: 0/68       AC:  5    Str: 10    XL:     14   Next: 11%
Magic:  24/36      EV: 17    Int: 26    God:    Vehumet [*****.]
Gold:   1010       SH:  0    Dex: 15    Spells: 22/45 levels left

rFire   . . .        a - staff of earth
rCold   . . .        (no shield)
rNeg    . . .        i - +0 leather armour of the Land of Plenty {Harm Will+ Str+5}
rPois   +            J - +0 helmet
rElec   .            x - +0 cloak
rCorr   .            (no gloves)
SInv    .            (no boots)
Will    ++...        p - amulet of regeneration
Stlth   ++           y - ring of poison resistance
HPRegen 1.11/turn    G - +5 ring of evasion
MPRegen 0.25/turn

%: harm (+30% outgoing, +20% incoming)
@: attractive
A: no striking features
a: Renounce Religion


You were on level 12 of the Dungeon.
You worshipped Vehumet.
Vehumet was extremely pleased with you.
You visited 3 branches of the dungeon, and saw 18 of its levels.
You also visited: Sewer.

You collected 1010 gold pieces.

Inventory:

Hand Weapons
 b - the +10 dagger of the Original Sin {freeze, rPois rF- rN+}
   (You found it on level 10 of the Dungeon)

   rF-:       It makes you vulnerable to fire.
   rPois:     It protects you from poison rN+: It protects you from negative
   energy.
Missiles
 L - a throwing net
Armour
 i - the +0 leather armour of the Land of Plenty (worn) {Harm Will+ Str+5}
   (You found it on level 3 of the Dungeon)

   Str+5:     It affects your strength (+5).
   Will+:     It increases your willpower.
   Harm:      It increases damage dealt and taken.
 x - a +0 cloak (worn)
 J - a +0 helmet (worn)
Magical Staves
 a - a staff of earth (weapon)
Jewellery
 c - a +4 ring of slaying
 j - a +4 ring of slaying
 p - an amulet of regeneration (around neck)
 y - a ring of poison resistance (left hand)
 B - a ring of resist corrosion
 F - a ring of protection from cold
 G - a +5 ring of evasion (right hand)
Wands
 e - a wand of roots (13)
 h - a wand of acid (6)
 s - a wand of flame (14)
 t - a wand of digging (7)
 K - a wand of polymorph (6)
 O - a wand of paralysis (4)
Scrolls
 f - 7 scrolls of enchant weapon
 k - 4 scrolls of revelation
 l - 3 scrolls of amnesia
 n - 3 scrolls of teleportation
 q - a scroll of vulnerability
 u - 4 scrolls of poison
 w - 3 scrolls of enchant armour
 E - 2 scrolls of immolation
 N - a scroll of torment
Potions
 d - 2 potions of attraction
 g - a potion of berserk rage
 m - 2 potions of resistance
 r - 4 potions of curing
 v - a potion of ambrosia
 z - a potion of mutation
 A - a potion of haste {unknown}
 D - 5 potions of enlightenment
 H - 3 potions of brilliance
 I - a potion of might
 M - a potion of magic
 P - a potion of lignification {unknown}
Miscellaneous
 C - a phial of floods


   Skills:
 - Level 2.4 Dodging
 - Level 2.4 Stealth
 - Level 16.0 Spellcasting
 - Level 16.0 Conjurations
 * Level 17.1 Earth Magic
 - Level 4.0 Alchemy


You had 22 spell levels left.
You knew the following spells:

 Your Spells              Type           Power      Damage    Failure   Level
a - Sandblast             Erth           100%       2d20      0%          1
b - Stone Arrow           Conj/Erth      100%       3d13      0%          3
c - Brom's Barrelling Bo  Conj/Erth      100%       2d11      1%          4
d - Petrify               Alch/Erth      85%        N/A       1%          4
e - Mephitic Cloud        Conj/Alch/Air  53%        N/A       1%          3
r - Lehudib's Crystal Sp  Conj/Erth      51%        10d12     7%          8

Your spell library contained the following spells:

 Spells                   Type           Power      Damage    Failure   Level
 Airstrike                Air            10%        2d(2-18)  9%          4
 Passwall                 Erth           100%       N/A       0%          3
 Scorch                   Fire           40%        2d6       1%          2
 Animate Armour           Summ/Erth      100%       N/A       1%          4
 Flame Wave               Conj/Fire      58%        2d14      1%          4
 Necrotise                Necr           80%        1d8       3%          1
 Summon Small Mammal      Summ           80%        N/A       3%          1
 Cigotuvi's Dreadful Rot  Necr/Alch/Air  54%        N/A       3%          2
 Ensorcelled Hibernation  Hex/Ice        40%        N/A       4%          2
 Lesser Beckoning         Tloc           40%        N/A       4%          2
 Call Canine Familiar     Summ           20%        N/A       10%         3
 Gell's Gravitas          Tloc           20%        N/A       10%         3
 Sigil of Binding         Hex            20%        N/A       10%         3
 Teleport Other           Tloc           20%        N/A       10%         3
 Vampiric Draining        Necr           20%        2d7       10%         3
 Dimensional Bullseye     Hex/Tloc       10%        N/A       32%         4
 Dispel Undead            Necr           20%        3d11      32%         4
 Martyr's Knell           Necr/Summ      20%        N/A       32%         4
 Summon Blazeheart Golem  Fire/Summ      20%        N/A       32%         4
 Curse of Agony           Necr           20%        N/A       67%         5
 Death Channel            Necr           10%        N/A       99%         6
 Summon Cactus Giant      Summ           10%        N/A       99%         6
 Fire Storm               Conj/Fire      29%        8d7       100%        9


Dungeon Overview and Level Annotations

Branches:
Dungeon (12/15)            Temple (1/1) D:5            Lair (5/5) D:10
 Shoals (0/4) Lair:2        Slime (0/5) Lair:5          Orc (0/2) D:10
  Sewer (visited)
  Snake: Lair:2-3    Spider: Lair:2-3

Altars:
Ashenzari
Cheibriados
Dithmenos
Elyvilon
Fedhas
Gozag
Hepliaklqana
Kikubaaqudgha
Makhleb
Nemelex Xobeh
Okawaru
Qazlal
Ru
Sif Muna
Trog
Uskayaw
Vehumet
Wu Jian
Xom
Yredelemnul
Zin
The Shining One
Jiyva

Shops:
D:6 (

Portals:
Hell: Lair:5

Annotations:
D:3 1 runed translucent door, SuperJoe's ghost, amateur DjCK


Message History

As you read the scroll of teleportation, it crumbles to dust.
You feel strangely unstable.
The centaur shoots an arrow.
The arrow barely misses you.
The centaur shoots an arrow.
The arrow hits you!
The centaur shoots an arrow.
The arrow completely misses you.
Your surroundings suddenly seem different.
A centaur warrior and a centaur come into view.
Found a book of Touch, a lumpy pink potion, a lajatang and a mace.
Casting: Lehudib's Crystal Spear (quite dangerous; 7% risk of failure)
Confirm with . or Enter, or press ? or * to list all spells.
Aiming: Lehudib's Crystal Spear (quite dangerous; 7% risk of failure)
Press: ? - help, Shift-Dir - straight line, f - centaur warrior
Aim: a centaur warrior (wandering, hasn't noticed you, 87% to hit)
You feel a surge of power!
The crystal spear hits the centaur warrior!!!
You kill the centaur warrior!
Vehumet accepts your kill.
You feel your power returning.
The centaur wields a +1 orcbow of flaming.
It bursts into flame!
The centaur shoots an arrow.
The arrow misses you.
The centaur wields a +0 shortbow.
The centaur shoots an arrow.
The arrow hits you!
Unknown command.
The centaur shoots an arrow.
The arrow hits you! The arrow burns you!
The centaur shoots an arrow.
The arrow barely misses you.
The centaur shoots an arrow.
The arrow hits you.
* * * LOW HITPOINT WARNING * * *
Okay, then.
Okay, then.
Okay, then.
Okay, then.
Okay, then.
You feel attractive to monsters.
The centaur shoots an arrow.
The arrow barely misses you.
The centaur shoots an arrow.
The arrow misses you.
The centaur shoots an arrow.
The arrow barely misses you. The centaur is attracted toward you. x3
Unknown command.
The centaur shoots an arrow.
The arrow hits you!
* * * LOW HITPOINT WARNING * * *
The arrow burns you.
You die...

.... ...... ....#
.....) ######.#§..##
......
##............##......
##....)......).......
##....c....§..c.....
...........§......#
.............cc.@.#
..................#
...................#
................##..#
................ #.#
........##.####. !.
........#. # ## .#)
.......... ..#
....:....# # #


You could see 3 centaurs.

Vanquished Creatures
  3 dire elephants (Lair:5)
  A centaur warrior (D:12)
  7 hydras
  A catoblepas (Lair:3)
  A two-headed ogre (D:8)
  A boulder beetle (D:11)
  An occultist (Lair:5)
  A sixfirhy (Lair:5)
  A skyshark (Lair:5)
  Pikel (D:8)
  2 lindwurms
  2 cyclopes (D:12)
  An ugly thing (D:10)
  6 black mambas
  10 elephants
  2 merfolk sirens (Lair:2)
  2 gargoyles (D:12)
  Joseph (D:7)
  8 cane toads
  7 komodo dragons
  2 orange demons (Lair:5)
  2 rime drakes
  2 ice devils (Lair:5)
  A red devil (Lair:5)
  A troll (D:11)
  11 dream sheep
  A hellwing (Lair:5)
  A polar bear (Lair:5)
  Prince Ribbit (D:8)
  16 blink frogs
  44 yaks
  2 wraiths (D:11)
  6 wyverns
  2 vampires (D:11)
  4 basilisks
  2 vampire mosquitoes (D:12)
  3 acid dragons
  5 hell hounds (Lair:5)
  28 water moccasins
  3 orc warriors
  2 sky beasts (D:7)
  An ogre (D:5)
  3 centaurs
  8 wolves
  2 lemures (D:8)
  A kobold brigand (D:7)
  11 bullfrogs
  3 scorpions
  7 wights
  10 killer bees
  12 howler monkeys
  2 bombardier beetles
  A crimson imp (D:5)
  5 jellies
  3 orc priests
  A gnoll bouda (Lair:4)
  5 hounds
  5 orc wizards
  3 iguanas
  Robin (D:3)
  11 river rats
  12 adders
  A shadow imp (D:8)
  2 white imps (D:7)
  2 dart slugs
  2 ribbon worms (D:2)
  19 orcs
  11 endoplasms
  6 giant cockroaches
  11 goblins
  8 hobgoblins
  5 jackals
  6 quokkas
  23 ball pythons
  5 bats
  2 frilled lizards
  A goblin skeleton (D:5)
  3 goblin zombies (D:5)
  2 hobgoblin zombies (D:5)
  12 kobolds
  2 kobold skeletons (D:5)
  A kobold zombie (D:5)
  2 orc skeletons (D:5)
  An orc zombie (D:5)
  26 rats
458 creatures vanquished.

Vanquished Creatures (collateral kills)
  18 boulders
18 creatures vanquished.

Vanquished Creatures (others)
  13 boulders
13 creatures vanquished.

Grand Total: 489 creatures vanquished

Notes
Turn   | Place    | Note
-------+----------+-------------------------------------------
     0 | D:1      | Laraso the Deep Elf Earth Elementalist began the quest for
                  | the Orb.
     0 | D:1      | Reached XP level 1. HP: 10/10 MP: 6/6
    73 | D:1      | Reached XP level 2. HP: 11/15 MP: 0/9
  1012 | D:2      | Reached XP level 3. HP: 19/19 MP: 9/11
  1060 | D:2      | Learned a level 3 spell: Stone Arrow
  1129 | D:2      | Reached skill level 5 in Spellcasting
  1480 | D:2      | Found a hazy altar of Hepliaklqana.
  1832 | D:2      | Reached XP level 4. HP: 15/24 MP: 10/13
  1884 | D:3      | Identified the +4 dagger of World's End {drain, rC- rCorr
                  | Int+6 Stlth-}
  1901 | D:3      | Noticed Robin
  2025 | D:3      | Identified the +0 leather armour of the Land of Plenty
                  | {Harm Will+ Str+5}
  2252 | D:3      | Killed Robin
  2332 | D:3      | Found a runed translucent door.
  2333 | D:3      | Noticed SuperJoe's ghost (amateur DjCK)
  2558 | D:3      | Reached XP level 5. HP: 28/28 MP: 13/16
  2826 | D:4      | Reached XP level 6. HP: 22/32 MP: 14/19
  2887 | D:4      | Learned a level 4 spell: Brom's Barrelling Boulder
  2892 | D:4      | Learned a level 4 spell: Petrify
  2943 | D:4      | Found a hide-covered altar of Uskayaw.
  2969 | D:4      | Reached skill level 4 in Earth Magic
  3090 | D:4      | Found a glowing drain.
  3095 | Sewer    | Entered a sewer
  3257 | Sewer    | Reached XP level 7. HP: 36/36 MP: 14/20
  3362 | Sewer    | Reached skill level 5 in Earth Magic
  3526 | Sewer    | Reached skill level 6 in Earth Magic
  4380 | D:5      | Entered Level 5 of the Dungeon
  4441 | D:5      | Found a glowing golden altar of the Shining One.
  4503 | D:5      | You fall into a shaft and drop 2 floors!
  4558 | D:7      | Reached skill level 7 in Earth Magic
  4733 | D:6      | Found Pamyjed's Weapon Shop.
  4853 | D:5      | Found a staircase to the Ecumenical Temple.
  4865 | Temple   | Entered the Ecumenical Temple
  4881 | Temple   | Became a worshipper of Vehumet
  4921 | D:5      | Reached XP level 8. HP: 39/41 MP: 19/22
  4939 | D:5      | Reached skill level 8 in Earth Magic
  6136 | D:7      | Noticed Joseph
  6243 | D:7      | Reached skill level 10 in Spellcasting
  6382 | D:8      | Noticed Prince Ribbit
  6384 | D:8      | Killed Prince Ribbit
  6385 | D:8      | Reached XP level 9. HP: 45/45 MP: 18/25
  6545 | D:8      | Noticed Pikel
  6620 | D:8      | Killed Pikel
  6894 | D:8      | Noticed a two-headed ogre
  6897 | D:8      | Killed a two-headed ogre
  6898 | D:8      | Reached skill level 5 in Conjurations
  6898 | D:8      | Reached skill level 9 in Earth Magic
  8039 | D:9      | Found a hazy altar of Hepliaklqana.
  8053 | D:9      | Reached * piety under Vehumet
  8053 | D:9      | Offered knowledge of Shock by Vehumet.
  8070 | D:9      | Learned a level 8 spell: Lehudib's Crystal Spear
  8313 | D:9      | Reached XP level 10. HP: 50/50 MP: 19/28
  8531 | D:9      | Found a shadowy altar of Dithmenos.
  8660 | D:9      | Reached skill level 10 in Earth Magic
  8880 | D:9      | Found a stormy altar of Qazlal.
  8887 | D:9      | Found a burning altar of Makhleb.
  8888 | D:9      | Found a snail-covered altar of Cheibriados.
  8891 | D:9      | Found a sacrificial altar of Ru.
  8991 | D:10     | Entered Level 10 of the Dungeon
  8991 | D:10     | Found a staircase to the Lair.
  9331 | D:10     | Noticed a brown ugly thing
  9338 | D:10     | Killed a brown ugly thing
  9339 | D:10     | Reached skill level 11 in Earth Magic
  9500 | D:10     | Found a staircase to the Orcish Mines.
  9531 | D:10     | Identified the +10 dagger of the Original Sin {freeze,
                  | rPois rF- rN+}
  9670 | D:10     | Found a blossoming altar of Fedhas.
 10190 | Lair:1   | Entered Level 1 of the Lair of Beasts
 10190 | Lair:1   | Noticed a cane toad
 10192 | Lair:1   | Reached skill level 12 in Earth Magic
 10199 | Lair:1   | Killed a cane toad
 10393 | Lair:1   | Reached ** piety under Vehumet
 10401 | Lair:1   | Reached XP level 11. HP: 54/54 MP: 19/31
 10410 | Lair:1   | Offered knowledge of Mercury Vapours by Vehumet.
 10576 | Lair:1   | Identified the +1 sling of Fiacs {drain, Stlth+}
 10779 | Lair:1   | Reached skill level 15 in Spellcasting
 11440 | Lair:2   | Offered knowledge of Searing Ray by Vehumet.
 12045 | Lair:2   | Found a staircase to the Shoals.
 12427 | Lair:3   | Noticed a lindwurm
 12433 | Lair:3   | Killed a lindwurm
 12458 | Lair:3   | Reached skill level 13 in Earth Magic
 12554 | Lair:3   | Reached *** piety under Vehumet
 12589 | Lair:3   | Noticed a seven-headed hydra
 12612 | Lair:3   | Killed a seven-headed hydra
 12648 | Lair:2   | Reached skill level 10 in Conjurations
 12648 | Lair:2   | Reached XP level 12. HP: 55/59 MP: 12/34
 13168 | Lair:3   | Noticed a catoblepas
 13176 | Lair:3   | Killed a catoblepas
 13665 | Lair:4   | Offered knowledge of Olgreb's Toxic Radiance by Vehumet.
 13672 | Lair:3   | Reached skill level 14 in Earth Magic
 14474 | Lair:4   | Reached skill level 15 in Earth Magic
 14867 | Lair:5   | Entered Level 5 of the Lair of Beasts
 14867 | Lair:5   | Noticed an eight-headed hydra
 14870 | Lair:5   | Noticed an eight-headed hydra
 14871 | Lair:5   | Killed an eight-headed hydra
 14871 | Lair:5   | Reached **** piety under Vehumet
 15037 | Lair:5   | Offered knowledge of Mephitic Cloud by Vehumet.
 15271 | Lair:5   | Reached skill level 16 in Earth Magic
 15280 | Lair:5   | Reached XP level 13. HP: 63/63 MP: 6/35
 15634 | Lair:5   | Noticed a dire elephant
 16007 | Lair:5   | Killed a dire elephant
 16245 | Lair:5   | Found a viscous altar of Jiyva.
 16245 | Lair:5   | Found a staircase to the Slime Pits.
 17040 | Lair:5   | Reached skill level 15 in Conjurations
 17173 | Lair:5   | Noticed a dire elephant
 17189 | Lair:5   | Killed a dire elephant
 17330 | Lair:5   | Learned a level 3 spell: Mephitic Cloud
 17350 | Lair:5   | Noticed a dire elephant
 17353 | Lair:5   | Killed a dire elephant
 17656 | Lair:5   | Found a burning altar of Makhleb.
 17998 | Lair:5   | Reached ***** piety under Vehumet
 18008 | Lair:5   | Offered knowledge of Airstrike by Vehumet.
 18116 | Lair:5   | Found a gateway to Hell.
 18124 | Lair:5   | Got the Atlas of Freezing and the Impact
 18539 | D:7      | Killed Joseph
 18559 | D:7      | Found a white marble altar of Elyvilon.
 19060 | D:11     | Found a shadowy altar of Dithmenos.
 19127 | D:11     | Reached XP level 14. HP: 68/68 MP: 25/36
 19688 | D:12     | Reached skill level 17 in Earth Magic
 19697 | D:12     | Shot with an arrow by a centaur

Illustrated notes

Levels and vault maps discovered:
D:1:      reono_arrival_forest_river, layout_loops_ring
D:2:      layout_loops_corners, basic_altar
D:3:      layout_basic, gammafunk_ghost_grave, uniq_robin
D:4:      layout_basic, nicolae_overflow_crystal_walls, serial_bayou,
          serial_bayou_ford_a, serial_bayou_shore_b, serial_bayou_shore_a,
          serial_bayou_lagoon_b, lightli_sewer_entry_pipes, hex_tiny
D:5:      layout_basic, nicolae_tso_besieged_by_evil, minmay_temple_entry_ruins
D:6:      layout_basic, serial_shops, nicolae_stop_n_shop_2,
          serial_corexii_hall, corexii_hall_statues_deadend,
          corexii_hall_statues_deadend
D:7:      layout_cave_pools, nicolae_elyvilon_peaceful_grove,
          nrook_loot_triangle, uniq_joseph, uniq_jeremiah
D:8:      layout_layer_cave, hangedman_glass_teeth, grunt_decor_junction,
          uniq_pikel, uniq_prince_ribbit1
D:9:      layout_gridville, mainiacjoe_overflow_boulevard, minitemple,
          mainiacjoe_overflow_alcove_4
D:10:     layout_gridville, fedhas_ov_isle_minmay, erik_lair_orcish_takeover,
          orc_0_dummy, st_stairs_10
D:11:     layout_rooms, grunt_dithmenos_smoke_and_mirrors
D:12:     layout_rooms
Temple:   hellmonk_temple_forest_ring
Lair:1:   layout_misc_corridors
Lair:2:   layout_hall_layers, elwin_shoals_entry_rooms, grunt_megastairs_2,
          serial_bayou_shore_b
Lair:3:   layout_small_grid, spider_nest_entry_funnel_web, grunt_megastairs_5
Lair:4:   layout_gridlike, dreamdust_gnoll_shepherd
Lair:5:   evil_forest, layout_big_grid, nicolae_slime_entry_field_trip,
          chequers_serial_rivers_micro_e

Skill      XL: |  1  2  3  4  5  6  7  8  9 10 11 12 13 14 |
---------------+-------------------------------------------+-----
Spellcasting   | 4 5 7 8 10 12 14 16 | 16.0
Conjurations   | 2 3 4 7 8 10 12 16 | 16.0
Earth Magic    | 4 7 8 9 12 13 16 17 | 17.1
Alchemy        | 4 |  4.0
Dodging        | |  2.4
Stealth        | |  2.4

Action                     |  1- 3 |  4- 6 |  7- 9 | 10-12 | 13-15 || total
---------------------------+-------+-------+-------+-------+-------++-------
  Melee: Spear             |     6 |       |       |       |       ||     6
         Dagger            |       |     5 |       |       |       ||     5
         Staff             |       |       |       |       |     2 ||     2
   Cast: Sandblast         |    63 |    93 |    92 |     6 |       ||   254
         Stone Arrow       |       |     1 |    47 |   254 |   179 ||   481
         Brom's Barrelling |       |       |       |    28 |    22 ||    50
         Petrify           |       |       |       |     3 |       ||     3
         Lehudib's Crystal |       |       |       |       |    11 ||    11
  Evoke: Wand              |       |       |       |     7 |       ||     7
    Use: Scroll            |     4 |     1 |    14 |    12 |     5 ||    36
         Potion            |       |     1 |       |     1 |     5 ||     7
 Armour: Robe              |    15 |     2 |       |       |       ||    17
         Leather armour    |       |    21 |    27 |    51 |    32 ||   131
  Dodge: Dodged            |    34 |    32 |    29 |    50 |    40 ||   185
  Block: Other             |       |     5 |     5 |       |       ||    10
